 Dungeon Crawl Stone Soup version 0.29-a0-551-gffc1d7fb78 (webtiles) character file.

Game seed: 8736744589472013708

140 Crownlay the Ruffian (level 5, -1/50 HPs)
             Began as a Troll Gladiator on June 5, 2022.
             Slain by a gnoll
             ... wielding a +0 halberd of venom
              (11 damage)
             ... on level 3 of the Dungeon.
             The game lasted 00:03:00 (1891 turns).

Crownlay the Ruffian (Troll Gladiator)              Turns: 1891, Time: 00:03:00

Health: -1/50      AC:  4    Str: 22    XL:     5   Next: 2%
Magic:  5/5        EV: 10    Int: 12    God:
Gold:   185        SH:  0    Dex: 11    Spells: 5/5 levels left

rFire   . . .      SeeInvis .     - Unarmed
rCold   . . .      Faith    .   (no shield)
rNeg    . . .      Spirit   .   a - +0 robe
rPois   .          Reflect  .   b - +0 hat
rElec   .          Harm     .   (no cloak)
rCorr   +          Rampage  .   (gloves unavailable)
Will    .....                   (boots unavailable)
Stlth   +.........              (no amulet)
HPRegen 0.96/turn               f - +6 ring of intelligence
MPRegen 0.09/turn               l - ring of resist corrosion

@: no status effects
A: large, unfitting armour, claws 3, regeneration 1, shaggy fur 1, tough skin 1
a: no special abilities


You were on level 3 of the Dungeon.
You visited 1 branch of the dungeon, and saw 3 of its levels.

You collected 199 gold pieces.
You spent 14 gold pieces at shops.

Inventory:

Missiles
 c - 3 throwing nets (quivered)
 d - a large rock
Armour
 a - a +0 robe (worn)
 b - a +0 hat (worn)
Jewellery
 f - a +6 ring of intelligence (left claw)
 l - a ring of resist corrosion (right claw)
Scrolls
 e - a scroll of enchant armour {unknown}
 i - 3 scrolls of identify {unknown}
 j - a scroll of blinking {unknown}
 k - 2 scrolls of poison {unknown}
 n - a scroll of teleportation {unknown}
Potions
 g - 2 potions of attraction {unknown}
 h - 2 potions of curing
 m - a potion of lignification {unknown}
 o - a potion of cancellation {unknown}
 p - a potion of mutation {unknown}


   Skills:
 + Level 2.3 Fighting
 + Level 2.6 Throwing
 - Level 2.4 Dodging
 * Level 4.4 Unarmed Combat
 + Level 0.8 Spellcasting


You had 5 spell levels left.
You didn't know any spells.
Your spell library contained the following spells:

 Spells                   Type           Power      Damage    Failure   Level
 Gell's Gravitas          Tloc           0%         N/A       67%         3
 Lesser Beckoning         Tloc           0%         N/A       67%         3
 Ozocubu's Armour         Ice            0%         N/A       67%         3
 Teleport Other           Tloc           0%         N/A       67%         3
 Metabolic Englaciation   Hex/Ice        0%         N/A       100%        5
 Simulacrum               Ice/Necr       0%         N/A       100%        6


Dungeon Overview and Level Annotations

Branches:
Dungeon (3/15)

Altars:

Shops:
D:2 !


Innate Abilities, Weirdness & Mutations

You are too large for most types of armour.
You have claws for hands.
Your natural rate of healing is unusually fast.
You are covered in fur. (AC +1)
You have tough skin. (AC +1)


Message History

Things that are here:
a +0 whip; a gnoll corpse You now have 185 gold pieces (gained 13).
You see here a +0 whip.
Done exploring.
Done exploring.
Done exploring.
Done exploring.
No target in view!
Okay, then.
Done exploring.
Done exploring.
Done exploring.
(D) Dungeon
Where to? (Enter - D:3, ? - help)
A gnoll comes into view. It is wielding a +0 halberd of venom.
You see here a +0 club.
The gnoll shouts!
The gnoll barely misses you.
The gnoll hits you with a +0 halberd of venom!
You are poisoned.
You closely miss the gnoll.
You feel very sick.
The gnoll hits you with a +0 halberd of venom!
You are lethally poisoned!
You are too injured to fight recklessly!
You are too injured to fight recklessly!
You are too injured to fight recklessly!
You are too injured to fight recklessly!
You are too injured to fight recklessly!
It was a potion of curing.
You feel better.
The gnoll hits you with a +0 halberd of venom!
* * * LOW HITPOINT WARNING * * *
You are lethally poisoned!
You feel better.
The gnoll hits you with a +0 halberd of venom!
* * * LOW HITPOINT WARNING * * *
You closely miss the gnoll.
The gnoll hits you with a +0 halberd of venom!
You die...

#.# #........... #.#
######.###.# #.# #.# #.#
####### #.# ##### #.#
#.# ......# #.#
#...#####.# #.# #####.#
#.# #.........# #.#
#.###.#######
#...####### #.#
#.......)...####.## #.#
######..)...@g...#######
#.# ######.>..........#
#.# ############.####.#
#......# ########


You could see a gnoll.

Vanquished Creatures
  3 adders (D:2)
  3 gnolls (D:3)
  2 worms (D:2)
  3 dart slugs
  8 orcs (D:3)
  6 endoplasms
  A giant cockroach (D:2)
  4 goblins
  7 hobgoblins
  5 kobolds
  3 quokkas
  4 ball pythons
  5 bats
  2 frilled lizards
  8 rats
64 creatures vanquished.

Notes
Turn   | Place    | Note
-------+----------+-------------------------------------------
     0 | D:1      | Crownlay the Troll Gladiator began the quest for the Orb.
     0 | D:1      | Reached XP level 1. HP: 19/19 MP: 0/0
    47 | D:1      | Reached XP level 2. HP: 26/28 MP: 1/1
   748 | D:2      | Reached XP level 3. HP: 35/35 MP: 2/2
   988 | D:2      | Found Potzokk's Distillery.
   996 | D:2      | Reached skill level 4 in Unarmed Combat
   996 | D:2      | Reached XP level 4. HP: 38/42 MP: 3/3
  1004 | D:2      | Bought a potion of degeneration for 14 gold pieces
  1834 | D:3      | Reached XP level 5. HP: 31/50 MP: 5/5
  1891 | D:3      | Slain by a gnoll

Illustrated notes

Levels and vault maps discovered:
D:1:      beargit_arrival_greenhouse, layout_loops_ring, moated_statue,
          hangedman_decor_riveting, st_stairs_11
D:2:      layout_rooms, serial_shops, shop
D:3:      layout_loops_ring

Skill      XL: |  1  2  3 |
---------------+----------+-----
Throwing       | 2 |  2.6
Fighting       | 2 |  2.3
Unarmed Combat | 4 |  4.4
Dodging        | |  2.4
Spellcasting   | |  0.8

Action                   |  1- 3 |  4- 6 || total
-------------------------+-------+-------++-------
Melee: Unarmed           |    83 |    69 ||   152
       Punch             |     1 |     2 ||     3
  Use: Potion            |       |     2 ||     2
 Stab: Sleeping          |       |     2 ||     2
Armor: Robe              |    21 |    13 ||    34
Dodge: Dodged            |    38 |    39 ||    77

Table legend: (Time is in decaauts)
 A = Elapsed time spent in this place.
 B = Non-inter-level travel time spent in this place.
 C = Inter-level travel time spent in this place.
 D = Time resting spent in this place.
 E = Time spent auto-exploring this place.
 F = Levels seen in this place.
 G = Mean time per level.
                   A        B        C        D        E       F      G
               +--------+--------+--------+--------+--------+-----+--------+
         Total |   1878 |   1781 |     97 |      0 |   1446 |   3 |  626.0 |
       Dungeon |   1878 |   1781 |     97 |      0 |   1446 |   3 |  626.0 |
               +--------+--------+--------+--------+--------+-----+--------+

Top non-repeatable levels by time:
     D:3: 711 daAuts
     D:1: 676 daAuts
     D:2: 490 daAuts
